AoeStats
← TAS69

Nomad

507117299Analyzed
3v3 RM · 15d ago on Sep 16, 2026· 37m 3s· 6 players
Game mode
Random Map
Map size
210×210
Population
200
Speed
Normal
Resources
Standard
Victory
Conquest
Starting age
Dark Age
Ending age
Imperial Age
RankedLock teamsTeams togetherTeam positionsShared explorationLock speedFull tech treeHidden civsTurbo modeCheats
Victory
Defeat
🇪🇸 Persians · Spain
1430
+6
🇮🇳 Dravidians · India
1388
+7
🇱🇺 Japanese · Luxembourg
1259
+13
🇪🇸 Spanish · Spain
1221
-10
🇪🇸 Huns · Spain
1183
-9
🇪🇸 Koreans · Spain
1129
-7
[KBRA] EagleK
7:42 Loom
13:21 Feudal Age
17:40 Castle Age
17:14 Bloodlines
17:13 Scale Barding Armor
22:52 Chain Barding Armor
23:09 Forging
22:54 Fishing Lines
25:57 Wheelbarrow
26:26 Light Cavalry
31:25 Iron Casting
31:07 Double-Bit Axe
31:14 Gold Mining
31:07 Horse Collar
33:31 Hand Cart
Mezsar
3:56 Loom
13:48 Feudal Age
15:06 Wheelbarrow
19:00 Castle Age
18:19 Double-Bit Axe
19:05 Fishing Lines
19:58 Bow Saw
21:17 Medium Warships
23:49 Fletching
24:55 Bodkin Arrow
25:22 Ballistics
25:32 Town Watch
25:50 Horse Collar
26:56 Clinker Construction
26:55 Heavy Plow
33:57 Imperial Age
31:45 Hand Cart
32:10 Masonry
32:04 Padded Archer Armor
31:56 Elite Skirmisher
32:42 Thumb Ring
33:48 Leather Archer Armor
34:37 Husbandry
34:40 Bracer
35:10 Ring Archer Armor
36:19 Chemistry
35:58 Medical Corps
37:10 Gold Mining
Skrepee
4:25 Loom
13:29 Feudal Age
14:16 Double-Bit Axe
21:35 Castle Age
19:28 Fletching
23:25 Bodkin Arrow
28:16 Guard Tower
28:47 Murder Holes
33:22 Ballistics
SILES
4:52 Loom
13:26 Feudal Age
16:15 Double-Bit Axe
19:29 Castle Age
24:46 Horse Collar
30:32 Scale Barding Armor
Larthen
4:43 Loom
13:09 Feudal Age
18:11 Castle Age
16:57 Double-Bit Axe
18:20 Stone Mining
21:45 Fletching
24:20 Fishing Lines
28:28 Bow Saw
31:18 Bodkin Arrow
TAS69
3:38 Loom
14:51 Feudal Age
16:40 Fletching
22:32 Castle Age
21:15 Horse Collar
21:19 Fishing Lines
28:19 Scale Barding Armor
29:15 Forging
35:13 Pikeman
Connection lost

Rejoining the realm…

Still unreachable

The connection could not be restored.

Session expired

The server has moved on; the page needs a fresh start.